[Event "Titled Tuesday Blitz May 23 Early 2023"]
[White "Mgeladze, Tamaz"]
[Black "gueraumasague"]
[WhiteFideId "13601202"]
[WhiteElo "2288"]
[BlackElo "2519"]
[Result "0-1"]
[Round "02"]
[TimeControl "180+2"]
[Date "2023.05.23"]
[WhiteClock "0:00:00"]
[BlackClock "0:00:08"]

1. c4 g6 2. Nc3 Bg7 3. g3 d6 4. Bg2 Nc6 5. Nf3 Bf5 6. O-O Qc8 7. Re1 Bh3 8. Bh1 h5 9. d3 h4 10. Be3 Nf6 11. Qd2 hxg3 12. hxg3 Qf5 13. Bg5 Bg4 14. Qf4 Qd7 15. Bg2 Nh7 16. Qd2 Bh3 17. Be3 Nf6 18. Bh1 Ng4 19. Nd5 O-O-O 20. Nf4 Nxe3 21. fxe3 Qg4 22. Kf2 e5 23. Nd5 e4 24. dxe4 Qxe4 25. Nd4 Qe5 26. Nxc6 bxc6 27. Nf4 Bd7 28. Bf3 Rde8 29. Rh1 Qxb2 30. Qxb2 Bxb2 31. Rab1 Ba3 32. Nd3 Bf5 33. Bxc6 Rxh1 34. Rxh1 Bd7 35. Bxd7+ Kxd7 36. Rb1 Kc6 37. Rb5 Bc5 38. Nxc5 dxc5 39. Ra5 Kb6 40. Rb5+ Kc6 41. Kf3 a6 42. Rb3 Rh8 43. e4 Rh1 44. Rb8 Rc1 45. Rf8 Rxc4 46. Rxf7 Rd4 47. Rf6+ Kb5 48. Rxg6 c4 49. Ke3 Rd1 50. Rg7 Kb6 51. Rg6+ c6 52. Rg8 c3 53. Rb8+ Kc5 54. Rb3 Kc4 55. Rb6 c5 56. Rxa6 c2 57. Ra4+ Kb5 58. Rc4 Kxc4 0-1


[Site "https://www.chess.com"]

[Event "Titled Tuesday Blitz May 23 Early 2023"]
[White "Kuzmin, Roman"]
[Black "Kushko, Dmitriy"]
[WhiteFideId "44134932"]
[BlackFideId "14162261"]
[WhiteElo "2122"]
[BlackElo "2230"]
[Result "1-0"]
[Round "02"]
[TimeControl "180+2"]
[Date "2023.05.23"]
[WhiteClock "0:00:05"]
[BlackClock "0:00:42"]

1. e4 g6 2. d4 Bg7 3. Nc3 d6 4. Be3 a6 5. h4 h5 6. Nh3 Bxh3 7. Rxh3 b5 8. Qd2 Nd7 9. a4 c6 10. f3 Ngf6 11. Bd3 O-O 12. Bh6 e5 13. Bxg7 Kxg7 14. Ne2 exd4 15. Nxd4 c5 16. Nf5+ gxf5 17. Qg5+ Kh7 18. e5 Nxe5 19. Bxf5+ Ng6 20. O-O-O Kg7 21. g4 Nd7 22. Qd2 hxg4 23. fxg4 Nde5 24. h5 Nc4 25. Qc3+ Qf6 26. h6+ Kh7 27. Qxf6 Rae8 28. Qg7# 1-0


[Site "https://www.chess.com"]

[Event "Titled Tuesday Blitz May 23 Early 2023"]
[White "Mladek, Richard"]
[Black "Weetik, Vjacheslav"]
[WhiteFideId "386588"]
[BlackFideId "4153472"]
[WhiteElo "2332"]
[BlackElo "2469"]
[Result "0-1"]
[Round "02"]
[TimeControl "180+2"]
[Date "2023.05.23"]
[WhiteClock "0:00:00"]
[BlackClock "0:00:05"]

1. c4 e6 2. Nc3 d5 3. d4 Nf6 4. cxd5 exd5 5. Bg5 c6 6. e3 Be7 7. Bd3 Nbd7 8. Qc2 Nh5 9. Bxe7 Qxe7 10. Nge2 g6 11. O-O O-O 12. Rae1 Ndf6 13. Nc1 Bd7 14. f3 c5 15. dxc5 Qxc5 16. Nb3 Qb6 17. Qf2 Ng7 18. e4 dxe4 19. Nxe4 Nxe4 20. Bxe4 Bb5 21. Qxb6 axb6 22. Rf2 Rxa2 23. Bxb7 Ne6 24. g3 Rd8 25. Rc1 Rd3 26. Rc3 Rxb2 27. Rxd3 Rb1+ 28. Kg2 Bxd3 29. Bd5 Nc5 30. Nd4 Kf8 31. Rd2 Bf1+ 32. Kf2 Ba6 33. h4 b5 34. Ra2 b4 0-1


[Site "https://www.chess.com"]

[Event "Titled Tuesday Blitz May 23 Early 2023"]
[White "Arat, Ufuk Sezen"]
[Black "Dimitrov, Atanas"]
[WhiteFideId "6309089"]
[BlackFideId "2901315"]
[WhiteElo "2289"]
[BlackElo "2715"]
[Result "1-0"]
[Round "02"]
[TimeControl "180+2"]
[Date "2023.05.23"]
[WhiteClock "0:00:08"]
[BlackClock "0:00:00"]

1. e4 c5 2. Nf3 d6 3. d4 cxd4 4. Nxd4 Nf6 5. Nc3 Nc6 6. Bg5 e6 7. Qd2 Be7 8. O-O-O O-O 9. f4 a6 10. Be2 h6 11. Bxf6 Bxf6 12. Nxc6 bxc6 13. Qxd6 Qb6 14. e5 Bd8 15. Na4 Qe3+ 16. Qd2 Qa7 17. Bf3 Bb7 18. Qd4 Qb8 19. Nc5 Bb6 20. Qc4 Qa7 21. Nxb7 Qxb7 22. Bxc6 Qc8 23. Qe4 Ra7 24. Rd3 Rc7 25. Rc3 Rd8 26. Rd1 Rxd1+ 27. Kxd1 Qd8+ 28. Rd3 Qc8 29. Rc3 Qd8+ 30. Qd3 Qh4 31. Be4 Rxc3 32. Qxc3 g6 33. Qg3 Qd8+ 34. Bd3 Kg7 35. c3 Qd5 36. b3 a5 37. Kc2 a4 38. Qf3 Qc5 39. Bc4 Qa3 40. b4 Ba7 41. Qd1 Be3 42. Qb1 Bxf4 43. Qb2 Qxb2+ 44. Kxb2 Bxe5 45. Bb5 a3+ 46. Kxa3 Bxc3 47. Kb3 Be5 48. a4 Kf6 49. a5 Ke7 50. h3 f5 51. Bd3 Bd4 52. Kc4 e5 53. b5 Kd6 54. Bc2 Bg1 55. b6 e4 56. Kb5 e3 57. Bd3 f4 58. a6 e2 59. Bxe2 g5 60. Bf3 g4 61. a7 gxf3 62. gxf3 Kd5 63. a8=Q+ Kd4 64. Qe4+ Kc3 65. Qxf4 Bxb6 66. Qc7+ 1-0


[Site "https://www.chess.com"]

[Event "Titled Tuesday Blitz May 23 Early 2023"]
[White "Shuvalova, Polina"]
[Black "Ezat, Mohamed"]
[WhiteFideId "24171760"]
[BlackFideId "10600906"]
[WhiteElo "2281"]
[BlackElo "2386"]
[Result "1/2-1/2"]
[Round "02"]
[TimeControl "180+2"]
[Date "2023.05.23"]
[WhiteClock "0:00:03"]
[BlackClock "0:00:07"]

1. Nf3 Nf6 2. g3 g6 3. Bg2 Bg7 4. O-O O-O 5. c4 c5 6. Nc3 d5 7. cxd5 Nxd5 8. e3 Nc6 9. Qe2 Ndb4 10. Rd1 Qd3 11. Ne1 Qxe2 12. Nxe2 Rd8 13. a3 Nd5 14. Rb1 Nb6 15. b4 c4 16. Bb2 Bf5 17. e4 Bg4 18. f3 Be6 19. Bxg7 Kxg7 20. d4 cxd3 21. Nxd3 Bc4 22. Nef4 e5 23. Nd5 Nxd5 24. exd5 Bxd5 25. Nc5 Nd4 26. f4 b6 27. Na6 Rac8 28. fxe5 Rc2 29. Rxd4 Rxg2+ 30. Kf1 Rxh2 31. Rbd1 Rh1+ 32. Kf2 Rxd1 33. Rxd1 Rd7 34. Nb8 Rb7 35. Rxd5 Rxb8 36. Rd7 a5 37. b5 Rc8 38. e6 Kf6 39. exf7 Kg7 40. Rb7 Rc3 41. Rxb6 Rxa3 42. Rb7 Kf8 43. g4 Rb3 44. g5 a4 45. b6 a3 46. Ra7 Rxb6 47. Rxa3 Rb5 48. Rg3 Kxf7 49. Kg2 Ke6 50. Kh3 Kf5 51. Kh4 Rb4+ 52. Kh3 Rf4 53. Rg2 Rf3+ 54. Kh4 Rf4+ 55. Kh3 Re4 56. Rg3 Rf4 57. Rg2 1/2-1/2


[Site "https://www.chess.com"]

[Event "Titled Tuesday Blitz May 23 Early 2023"]
[White "Samunenkov, Ihor"]
[Black "Reprintsev, Alexander"]
[WhiteFideId "14187086"]
[BlackFideId "14100541"]
[WhiteElo "2457"]
[BlackElo "2218"]
[Result "1-0"]
[Round "02"]
[TimeControl "180+2"]
[Date "2023.05.23"]
[WhiteClock "0:00:03"]
[BlackClock "0:00:12"]

1. d4 d5 2. c4 e5 3. dxe5 d4 4. Nf3 Nc6 5. a3 g6 6. Bg5 Be7 7. Bf4 Bg4 8. Nbd2 Qd7 9. b4 f6 10. b5 Nxe5 11. Nxe5 fxe5 12. Bxe5 Nf6 13. h3 Be6 14. Nf3 Bxc4 15. Qxd4 Qxd4 16. Nxd4 O-O-O 17. Rc1 Rxd4 18. Bxd4 Bxb5 19. Bc5 Re8 20. Bxe7 Rxe7 21. g3 Bc6 22. Rg1 Re5 23. Bg2 Bxg2 24. Rxg2 Ra5 25. Rc3 Nd5 26. Rd3 Nb6 27. e4 c5 28. f4 c4 29. Rc3 Rb5 30. Rd2 Rb1+ 31. Ke2 h5 32. f5 gxf5 33. exf5 Rb5 34. f6 Re5+ 35. Re3 Rf5 36. Rf3 Re5+ 37. Kf2 Re8 38. f7 Rf8 39. g4 hxg4 40. hxg4 Nd7 41. Rxd7 Kxd7 42. g5 c3 43. g6 Rc8 44. g7 c2 45. f8=Q c1=Q 46. Rf7+ Ke6 47. Qe7+ Kd5 48. Qd7+ Ke4 49. Re7+ Kf4 50. Qd6+ Kg4 51. Qg6+ Qg5 52. Qxg5+ Kxg5 53. Rxb7 a5 54. Rb5+ Kg6 55. Rxa5 Kxg7 56. Ke3 Kf6 57. Rd5 Ke6 58. Rd3 Rc4 59. Kd2 Ra4 60. Kc2 Ke5 61. Kb3 Rh4 62. a4 Rh1 63. Kb4 Rb1+ 64. Ka5 Ke6 65. Ka6 Ke7 66. a5 Rb2 67. Ka7 Ke8 68. Rd6 Ke7 69. Rb6 Ra2 70. a6 Kd8 71. Kb8 Rc2 72. a7 Rc8+ 73. Kb7 Rc7+ 74. Ka6 1-0


[Site "https://www.chess.com"]

[Event "Titled Tuesday Blitz May 23 Early 2023"]
[White "Berezin, Viktor"]
[Black "Papasimakopoulos, Alexandros"]
[WhiteFideId "14107872"]
[BlackFideId "4244125"]
[WhiteElo "2310"]
[BlackElo "2359"]
[Result "0-1"]
[Round "02"]
[TimeControl "180+2"]
[Date "2023.05.23"]
[WhiteClock "0:00:24"]
[BlackClock "0:01:12"]

1. d4 e6 2. Nf3 Nf6 3. c4 c5 4. d5 b5 5. Bg5 h6 6. Bh4 bxc4 7. Nc3 d6 8. e4 e5 9. Bxc4 Be7 10. Bb5+ Nfd7 11. Bxe7 Qxe7 12. Nd2 O-O 13. Bxd7 Nxd7 14. Nc4 Nb6 15. Ne3 f5 16. exf5 Bxf5 17. Nxf5 Rxf5 18. O-O Raf8 19. Ne4 Nd7 20. a3 Nf6 21. Nxf6+ Qxf6 22. Qd2 Rg5 23. f3 Qf4 24. Qxf4 exf4 25. Rad1 Rb8 26. Rd2 Re5 27. Kf2 Kf7 28. Re1 Kf6 29. g3 Rxe1 30. Kxe1 Ke5 31. gxf4+ Kxf4 32. Kf2 Rb3 33. Re2 Rxf3+ 34. Kg2 Rb3 35. Re6 Rxb2+ 36. Kh3 Rb3+ 37. Kg2 Rb6 38. a4 c4 39. a5 Ra6 40. Kf2 Rxa5 41. Rxd6 Ra2+ 42. Ke1 Ke5 43. Rd7 Rxh2 0-1


[Site "https://www.chess.com"]

[Event "Titled Tuesday Blitz May 23 Early 2023"]
[White "SereneSalmon"]
[Black "Artemenko, Oleg"]
[BlackFideId "14201798"]
[WhiteElo "2512"]
[BlackElo "2287"]
[Result "1-0"]
[Round "02"]
[TimeControl "180+2"]
[Date "2023.05.23"]
[WhiteClock "0:00:24"]
[BlackClock "0:00:13"]

1. Nf3 Nf6 2. g3 g6 3. b3 Bg7 4. Bb2 d6 5. Bg2 O-O 6. d4 Nbd7 7. O-O e5 8. dxe5 Ng4 9. Qd2 Ngxe5 10. Nxe5 Nxe5 11. c4 c6 12. Nc3 Qc7 13. Rfd1 Rd8 14. Ba3 Qa5 15. Bb2 Be6 16. Ne4 Qxd2 17. Rxd2 d5 18. cxd5 Bxd5 19. Rad1 Rdb8 20. Nc5 Bxg2 21. Kxg2 b6 22. Nd7 Re8 23. e3 Nxd7 24. Bxg7 Nc5 25. Bb2 Rac8 26. h4 f5 27. h5 Kf7 28. Rd6 Re6 29. Ba3 Rxd6 30. Rxd6 Ne6 31. hxg6+ hxg6 32. Rd7+ Kf6 33. Bb2+ Kg5 34. Rxa7 Rd8 35. Re7 Nc5 36. Be5 Rd2 37. Bf4+ Kf6 38. Rc7 Ne4 39. Rxc6+ Kf7 40. Rxb6 Rxf2+ 41. Kg1 Rxa2 42. Rb7+ Ke6 43. b4 Nd2 44. Rb6+ Kd5 45. Rxg6 Ke4 46. g4 Nf3+ 47. Kf1 Kd3 48. gxf5 Nd2+ 49. Kg2 Ke4 50. Kg3 Nf1+ 51. Kg4 Rg2+ 52. Kh5 Rb2 53. f6 Rxb4 54. f7 Rb5+ 55. Kh6 Rf5 56. Kg7 Rxf7+ 57. Kxf7 Nd2 58. Re6+ Kf3 59. Bd6 Ne4 60. Rxe4 Kxe4 61. Bc5 Kd5 62. Bd4 Ke4 63. Kf6 Kf3 64. Ke5 Ke2 65. e4 Kd3 66. Ba7 Kc3 67. Kd5 1-0


[Site "https://www.chess.com"]

[Event "Titled Tuesday Blitz May 23 Early 2023"]
[White "Vakhlamov, Igor L."]
[Black "Hamley, Ryan"]
[WhiteFideId "24126748"]
[BlackFideId "30959497"]
[WhiteElo "2407"]
[BlackElo "2512"]
[Result "1-0"]
[Round "02"]
[TimeControl "180+2"]
[Date "2023.05.23"]
[WhiteClock "0:01:28"]
[BlackClock "0:00:00"]

1. e4 e5 2. Nf3 Nc6 3. Nc3 Nf6 4. Bb5 d6 5. d4 exd4 6. Nxd4 Bd7 7. Bxc6 bxc6 8. Qf3 g6 9. e5 Nd5 10. Nxc6 Bxc6 11. Nxd5 Bxd5 12. Qxd5 Bg7 13. exd6 cxd6 14. Qc6+ Kf8 15. O-O Rc8 16. Qa4 Qb6 17. c3 Qb7 18. Qa3 Rd8 19. Bf4 Qc6 20. Rad1 Kg8 21. Bxd6 Qb7 22. Qb4 Qc8 23. Be7 Re8 24. Bc5 h6 25. Bxa7 Kh7 26. Bd4 Re4 27. Rfe1 Rhe8 28. Rxe4 Rxe4 29. h3 Qe8 30. Qc4 Re2 31. Bxg7 Kxg7 32. Qd4+ Kh7 33. c4 Qe6 34. a4 Rxb2 35. Qxb2 1-0


[Site "https://www.chess.com"]

[Event "Titled Tuesday Blitz May 23 Early 2023"]
[White "Nazari, Arad"]
[Black "Baches Garcia, Guillermo"]
[WhiteFideId "12577324"]
[BlackFideId "2209764"]
[WhiteElo "2175"]
[BlackElo "2511"]
[Result "1-0"]
[Round "02"]
[TimeControl "180+2"]
[Date "2023.05.23"]
[WhiteClock "0:00:13"]
[BlackClock "0:00:00"]

1. e4 d5 2. exd5 Qxd5 3. Nc3 Qa5 4. d4 Nf6 5. Bc4 Bg4 6. f3 Bd7 7. Ne2 e6 8. Bd2 Qb6 9. O-O c5 10. Be3 cxd4 11. Bxd4 Bc5 12. Bxc5 Qxc5+ 13. Qd4 Qxd4+ 14. Nxd4 Nc6 15. Ndb5 Ke7 16. Rfd1 Ne5 17. Be2 Rhd8 18. Kf2 a6 19. Nd6 Bc6 20. Nc4 Nxc4 21. Bxc4 b5 22. Bd3 Rd6 23. a3 Rad8 24. Be2 g5 25. Rxd6 Rxd6 26. Rd1 h5 27. Ke3 g4 28. Rxd6 Kxd6 29. Kf4 gxf3 30. gxf3 Nh7 31. Kg3 f5 32. Kh4 Be8 33. f4 e5 34. fxe5+ Kxe5 35. Bxh5 Bc6 36. Kg3 f4+ 37. Kf2 Ng5 38. h4 Ne6 39. Ne2 f3 40. Bxf3 Be8 41. Ke3 Ng7 42. Nd4 Bg6 43. c3 Ne8 44. h5 Bh7 45. h6 Nf6 46. Nc6+ Kd6 47. Nb4 a5 48. Nd3 Ng8 49. Be2 Nxh6 50. Nf4 Kc5 51. Ne6+ Kd6 52. Nd4 b4 53. cxb4 axb4 54. a4 Nf5+ 55. Nxf5+ Bxf5 56. Kd4 1-0


[Site "https://www.chess.com"]

[Event "Titled Tuesday Blitz May 23 Early 2023"]
[White "Matinian, Nikita"]
[Black "Liu, Casper"]
[WhiteFideId "24129100"]
[BlackFideId "1454153"]
[WhiteElo "2422"]
[BlackElo "2221"]
[Result "0-1"]
[Round "02"]
[TimeControl "180+2"]
[Date "2023.05.23"]
[WhiteClock "0:00:00"]
[BlackClock "0:01:32"]

1. e4 c5 2. Nf3 d6 3. d4 cxd4 4. Nxd4 Nf6 5. Nc3 Nc6 6. Bg5 Bd7 7. Bb5 e5 8. Nf5 Bxf5 9. exf5 Be7 10. Qd2 O-O 11. O-O Nd4 12. Bd3 d5 13. Rfe1 e4 14. Bf1 Nxf5 15. Bxf6 Bxf6 16. Nxd5 Bxb2 17. Rab1 Bd4 18. c4 Re8 19. Rxb7 e3 20. fxe3 Bxe3+ 21. Rxe3 Nxe3 22. Qf2 Qg5 23. Qxf7+ Kh8 24. h4 Qg3 25. Qf4 Nxf1 26. Qxg3 Nxg3 27. Nc7 Reb8 0-1


[Site "https://www.chess.com"]

[Event "Titled Tuesday Blitz May 23 Early 2023"]
[White "Flynn, Jacob"]
[Black "Martinez Ramirez, Lennis"]
[WhiteFideId "2509393"]
[BlackFideId "3509079"]
[WhiteElo "2053"]
[BlackElo "2410"]
[Result "0-1"]
[Round "02"]
[TimeControl "180+2"]
[Date "2023.05.23"]
[WhiteClock "0:00:03"]
[BlackClock "0:00:11"]

1. d4 Nf6 2. c4 e6 3. Nc3 Bb4 4. Qc2 O-O 5. Nf3 d5 6. cxd5 exd5 7. Bf4 Ne4 8. e3 c5 9. dxc5 Qa5 10. Rc1 Nc6 11. Bd3 h6 12. O-O Bxc3 13. bxc3 Nxc5 14. Bh7+ Kh8 15. Nd4 Ne6 16. Bg3 Nexd4 17. cxd4 Be6 18. Rb1 Rac8 19. Bd3 Nxd4 20. Qb2 Nf5 21. Qxb7 Nxg3 22. hxg3 Qxa2 23. Ra1 Qd2 24. Rfd1 Qc3 25. Qxa7 Bg4 26. f3 Be6 27. Qd4 Qxd4 28. exd4 Rc3 29. Kf2 g6 30. Rac1 Ra3 31. Ke2 Rb8 32. Rc2 Rbb3 33. Rcd2 h5 34. Kf2 Kg7 35. Be2 Kf6 36. Rd3 Bf5 37. Rxb3 Rxb3 38. Rc1 Rb4 39. Rd1 Rb2 40. Ke3 g5 41. Rd2 Rb3+ 42. Kf2 h4 43. gxh4 gxh4 44. f4 Be4 45. Ra2 Kf5 46. Ra7 f6 47. Rh7 Rb2 48. Ke3 Rb3+ 49. Kf2 Kxf4 50. Rxh4+ Kg5 51. Rg4+ Kf5 52. Rg3 Rb4 53. Bg4+ Kf4 54. Be2 Rxd4 55. Rg4+ Ke5 56. Rg7 Rd2 57. Ra7 Bd3 58. Re7+ Kd4 59. g4 Rxe2+ 60. Rxe2 Bxe2 61. Kxe2 0-1


[Site "https://www.chess.com"]

[Event "Titled Tuesday Blitz May 23 Early 2023"]
[White "Javakhadze, Zurab"]
[Black "Jovic, Stanoje"]
[WhiteFideId "13603647"]
[BlackFideId "905020"]
[WhiteElo "2381"]
[BlackElo "2236"]
[Result "1/2-1/2"]
[Round "02"]
[TimeControl "180+2"]
[Date "2023.05.23"]
[WhiteClock "0:00:06"]
[BlackClock "0:00:18"]

1. Nf3 Nf6 2. g3 d5 3. Bg2 c5 4. O-O Nc6 5. d4 Bg4 6. Ne5 cxd4 7. Nxg4 Nxg4 8. e3 Nf6 9. exd4 e6 10. c4 Be7 11. Nc3 O-O 12. cxd5 Nxd5 13. Nxd5 exd5 14. Be3 Bf6 15. Qd2 Qb6 16. Rfd1 Rfd8 17. Rac1 Rac8 18. Rc5 Ne7 19. Rdc1 Rxc5 20. Rxc5 h6 21. Bh3 g5 22. b3 Nc6 23. Bg2 Ne7 24. Qc2 Qb4 25. Rc7 Nc6 26. Qf5 Kg7 27. Bxd5 Ne7 28. Rxe7 Qxe7 29. Be4 Rh8 30. d5 Qe5 31. Qf3 h5 32. Bxa7 g4 33. Qd3 h4 34. Be3 Qa1+ 35. Qb1 Qxb1+ 36. Bxb1 h3 37. Bf5 Rd8 38. Bxg4 Rxd5 39. Bxh3 Rd1+ 40. Kg2 Bd4 41. Bxd4+ Rxd4 42. Bf5 Rd2 43. a4 b6 44. Be4 Kf6 45. Bc6 Rd3 46. b4 Rd4 47. a5 Rxb4 48. axb6 Rxb6 49. Be4 Rb2 50. h4 Ke5 51. Bh7 f5 52. h5 Kf6 53. Bg6 f4 54. gxf4 Rb3 55. f3 Rb1 56. Kg3 Rg1+ 57. Kf2 Ra1 58. Ke3 Ra3+ 59. Kf2 Ra1 60. Kg3 Rg1+ 61. Kf2 Ra1 1/2-1/2


[Site "https://www.chess.com"]

[Event "Titled Tuesday Blitz May 23 Early 2023"]
[White "Osinovsky, Stepan"]
[Black "Ashraf, Artin"]
[WhiteFideId "4157354"]
[BlackFideId "22514805"]
[WhiteElo "2222"]
[BlackElo "2188"]
[Result "0-1"]
[Round "02"]
[TimeControl "180+2"]
[Date "2023.05.23"]
[WhiteClock "0:00:00"]
[BlackClock "0:01:44"]

1. Nf3 Nf6 2. g3 d5 3. Bg2 e6 4. O-O c5 5. d3 Nc6 6. Nbd2 Be7 7. e4 O-O 8. e5 Nd7 9. Re1 b5 10. h4 Qc7 11. Qe2 a5 12. h5 h6 13. Nf1 a4 14. a3 b4 15. N1h2 Bb7 16. Bf4 Rfc8 17. Qd2 Nd4 18. Nxd4 cxd4 19. Nf3 Qxc2 20. Nxd4 Qxd2 21. Bxd2 bxa3 22. bxa3 Ba6 23. Bf1 Rab8 24. Reb1 Nxe5 25. Rxb8 Rxb8 26. Bf4 Bf6 27. Re1 Bxd3 28. Bxe5 Bxe5 29. Rxe5 Rb1 0-1


[Site "https://www.chess.com"]

[Event "Titled Tuesday Blitz May 23 Early 2023"]
[White "Starozhilov, Leonid"]
[Black "Urbina Perez, Juan Antonio"]
[WhiteFideId "14106752"]
[BlackFideId "2217368"]
[WhiteElo "2352"]
[BlackElo "2197"]
[Result "1/2-1/2"]
[Round "02"]
[TimeControl "180+2"]
[Date "2023.05.23"]
[WhiteClock "0:00:07"]
[BlackClock "0:00:15"]

1. e4 c5 2. Nf3 d6 3. Bb5+ Bd7 4. c4 Nf6 5. Nc3 e6 6. O-O Be7 7. d4 cxd4 8. Nxd4 Nc6 9. Bxc6 Bxc6 10. Nxc6 bxc6 11. b3 O-O 12. Bb2 d5 13. exd5 cxd5 14. cxd5 exd5 15. Nb5 Qb6 16. Nd4 Ne4 17. Nf5 Bf6 18. Bxf6 Nxf6 19. Ne7+ Kh8 20. Nxd5 Qd6 21. Nxf6 Qxf6 22. Qf3 Qxf3 23. gxf3 a5 24. Rfc1 g6 25. Rc7 Kg7 26. Rd1 Ra6 27. Rdd7 Rf6 28. Kg2 Ra8 29. Ra7 Rxa7 30. Rxa7 Rf5 31. h4 h5 32. Rb7 Kf6 33. Kg3 Rd5 34. a4 Ke6 35. Kf4 Rd4+ 36. Kg3 Rd5 37. Rb6+ Ke5 38. b4 Rd4 39. Rb5+ Kf6 40. Rxa5 Rxb4 41. f4 Rb3+ 42. Kg2 Ra3 43. f3 Ra2+ 44. Kg3 Ra3 45. f5 g5 46. Ra6+ Kxf5 47. Ra5+ Kf6 48. hxg5+ Kg6 49. Kf4 h4 50. Ra6+ Kg7 51. Kg4 h3 52. Rh6 Rxa4+ 53. f4 Ra3 54. Rxh3 Ra4 55. Rh6 Rb4 56. Ra6 Rc4 57. Ra5 Rb4 58. Kf5 Rb6 59. Re5 Ra6 60. Re4 Ra5+ 61. Kg4 Rb5 62. f5 Ra5 63. Re7 Kf8 64. Rb7 Kg8 65. f6 Ra1 66. Rb8+ Kh7 67. Rf8 Ra7 68. Kh5 Rb7 69. Rxf7+ Rxf7 70. g6+ Kg8 71. gxf7+ Kxf7 72. Kg5 Kf8 73. Kf5 Kf7 74. Ke5 Kf8 75. Ke6 Ke8 76. f7+ Kf8 77. Kf6 1/2-1/2


[Site "https://www.chess.com"]

[Event "Titled Tuesday Blitz May 23 Early 2023"]
[White "Manukian, Artak"]
[Black "Radzhabov, Rodion"]
[WhiteFideId "13301373"]
[BlackFideId "884715"]
[WhiteElo "2130"]
[BlackElo "2215"]
[Result "0-1"]
[Round "02"]
[TimeControl "180+2"]
[Date "2023.05.23"]
[WhiteClock "0:00:17"]
[BlackClock "0:00:17"]

1. e4 c5 2. Nf3 e6 3. c3 Nf6 4. e5 Nd5 5. d4 cxd4 6. cxd4 b6 7. Nc3 Nxc3 8. bxc3 Ba6 9. Bxa6 Nxa6 10. O-O Be7 11. a4 Rc8 12. Qd3 Nc7 13. Ba3 Nd5 14. Bxe7 Qxe7 15. Rfc1 O-O 16. a5 b5 17. a6 Rc4 18. Nd2 Rc6 19. Ne4 f5 20. Nd6 Qg5 21. g3 b4 22. c4 Nc3 23. f4 Qg4 24. Rxc3 bxc3 25. Qxc3 g5 26. Qe3 gxf4 27. Qxf4 Rb8 28. Qxg4+ fxg4 29. Kf2 Rb2+ 30. Ke3 Rxh2 31. Rb1 Rxa6 32. Rb8+ Kg7 33. Rb7 h5 34. Rxd7+ Kg6 35. Re7 Ra3+ 36. Kf4 Rf2+ 37. Ke4 Re2+ 38. Kf4 Rf3# 0-1


[Site "https://www.chess.com"]

[Event "Titled Tuesday Blitz May 23 Early 2023"]
[White "Alex_Sahakyan2006"]
[Black "Shubenkova, Veronika"]
[BlackFideId "44124040"]
[WhiteElo "2692"]
[BlackElo "2060"]
[Result "0-1"]
[Round "02"]
[TimeControl "180+2"]
[Date "2023.05.23"]
[WhiteClock "0:00:00"]
[BlackClock "0:01:32"]

1. d4 d5 2. Bf4 e6 3. e3 Bd6 4. Bg3 f5 5. Nd2 Nf6 6. Ngf3 O-O 7. Ne5 Qe7 8. c3 Nbd7 9. Bd3 Ne4 10. Nxd7 Bxd7 11. Bxd6 Qxd6 12. Nf3 f4 13. Bxe4 dxe4 14. Ne5 fxe3 15. fxe3 Bb5 16. Qb3 Bd3 17. O-O-O Rf2 18. Nxd3 exd3 19. Rxd3 Raf8 20. g3 Qc6 21. d5 Qa6 22. Rhd1 exd5 23. Rxd5 Kh8 24. Rd8 Qe2 25. Rxf8+ Rxf8 26. Qxb7 Qxe3+ 27. Kc2 Rf2+ 28. Kb3 Qe6+ 29. Ka3 h6 0-1


[Site "https://www.chess.com"]

[Event "Titled Tuesday Blitz May 23 Early 2023"]
[White "Garakov, Mikhael"]
[Black "Gorovets, Andrey"]
[WhiteFideId "4169034"]
[BlackFideId "13504037"]
[WhiteElo "2347"]
[BlackElo "2459"]
[Result "0-1"]
[Round "02"]
[TimeControl "180+2"]
[Date "2023.05.23"]
[WhiteClock "0:00:07"]
[BlackClock "0:00:11"]

1. e4 e6 2. d4 d5 3. Nc3 Bb4 4. e5 c5 5. a3 Bxc3+ 6. bxc3 Qa5 7. Bd2 Qa4 8. h4 Ne7 9. Qg4 Kf8 10. Rh3 Nbc6 11. h5 h6 12. Qf4 Bd7 13. Rf3 Be8 14. dxc5 Qxf4 15. Bxf4 Rc8 16. Rb1 Na5 17. Be3 Nf5 18. Bd4 Rc7 19. Bd3 Nc4 20. a4 a5 21. Ne2 Bxa4 22. Ra1 Bc6 23. g4 Ne7 24. Nf4 Ke8 25. Rg3 a4 26. g5 hxg5 27. Rxg5 Kf8 28. Ke2 Rc8 29. Rag1 Rg8 30. Bh7 Nf5 31. Bxg8 Kxg8 32. h6 g6 33. Nxg6 fxg6 34. Rxg6+ Kh7 35. Rxe6 Rf8 36. Rf6 Rxf6 37. exf6 Nxh6 38. Rg7+ Kh8 39. f7 Nxf7 40. Rxf7+ Kg8 41. Rg7+ Kf8 42. Rg1 Kf7 43. f4 a3 44. Kf3 Ba4 45. f5 Bxc2 46. f6 a2 47. Ra1 Bb1 48. Ke2 Na5 49. Kd1 Nb3 50. Rxa2 Bxa2 51. Kc2 Na5 52. Kb2 Bc4 53. Ka3 Nc6 54. Ka4 Nxd4 55. cxd4 Kxf6 56. Ka5 Kf5 57. Kb6 Ba6 58. c6 bxc6 59. Kxa6 Ke4 60. Kb6 Kxd4 61. Kxc6 Kc4 0-1


[Site "https://www.chess.com"]

[Event "Titled Tuesday Blitz May 23 Early 2023"]
[White "KorolDimitriy75"]
[Black "Zhu, Jiner"]
[BlackFideId "8608059"]
[WhiteElo "2446"]
[BlackElo "2384"]
[Result "0-1"]
[Round "02"]
[TimeControl "180+2"]
[Date "2023.05.23"]
[WhiteClock "0:00:00"]
[BlackClock "0:01:16"]

1. d4 Nf6 2. c4 g6 3. Nc3 Bg7 4. e4 d6 5. Nf3 O-O 6. Be2 c5 7. O-O cxd4 8. Nxd4 Nc6 9. Be3 Bd7 10. Qd2 Qa5 11. f3 Rfc8 12. Rac1 a6 13. Rfd1 Nxd4 14. Bxd4 b5 15. Bxf6 Bxf6 16. Nd5 Qxd2 17. Nxf6+ Kg7 18. Nh5+ gxh5 19. Rxd2 Rc7 20. Rdc2 Rac8 21. Bd3 b4 22. Kf2 a5 23. Ke3 a4 24. Kd4 Rc5 25. g3 R8c7 26. f4 Bc8 27. Ke3 Ba6 28. Kd4 e6 29. Ke3 Kf6 30. Kd4 h6 31. Ke3 Ke7 32. Kd4 h4 33. Ke3 hxg3 34. hxg3 Rc8 35. b3 axb3 36. axb3 Ra5 37. Rh1 Rg8 38. Kf3 Ra3 39. Rb2 d5 40. exd5 exd5 41. g4 dxc4 42. Be2 Bb7+ 0-1


[Site "https://www.chess.com"]

[Event "Titled Tuesday Blitz May 23 Early 2023"]
[White "Domingo Nunez, Ruben"]
[Black "Mestnikov, Aisen"]
[WhiteFideId "22245570"]
[BlackFideId "34130117"]
[WhiteElo "2404"]
[BlackElo "1971"]
[Result "1-0"]
[Round "02"]
[TimeControl "180+2"]
[Date "2023.05.23"]
[WhiteClock "0:00:49"]
[BlackClock "0:00:00"]

1. c4 c5 2. Nc3 Nf6 3. g3 e6 4. Bg2 d5 5. cxd5 exd5 6. Nf3 d4 7. Nb1 Nc6 8. O-O Bd6 9. d3 O-O 10. Na3 a6 11. Nc4 Bc7 12. a4 b6 13. Nfe5 Nxe5 14. Bxa8 Nxc4 15. dxc4 Be6 16. Bf3 Bxc4 17. b3 Bd5 18. Qd3 Bxf3 19. exf3 Qd5 20. Kg2 Qb7 21. Re1 b5 22. Bd2 Rd8 23. Bg5 Qc6 24. Bxf6 gxf6 25. Re4 f5 26. Ree1 Rd5 27. axb5 axb5 28. Ra7 Bd6 29. Rc1 Re5 30. Qxd4 Qxf3+ 31. Kxf3 cxd4 32. Rd7 Ba3 33. Rc8+ Kg7 34. Rxd4 Re1 35. Rb8 Bc5 36. Rf4 Rf1 37. Kg2 Rc1 38. Rxb5 Be7 39. Rbxf5 Rc2 40. Rxf7+ 1-0


[Site "https://www.chess.com"]

[Event "Titled Tuesday Blitz May 23 Early 2023"]
[White "Stoleriu, George"]
[Black "Rodriguez, Santiago"]
[WhiteFideId "1227505"]
[BlackFideId "3000591"]
[WhiteElo "2308"]
[BlackElo "2249"]
[Result "1-0"]
[Round "02"]
[TimeControl "180+2"]
[Date "2023.05.23"]
[WhiteClock "0:00:07"]
[BlackClock "0:00:59"]

1. e4 c5 2. b3 Nc6 3. Bb2 d6 4. Bb5 Bd7 5. f4 a6 6. Bxc6 Bxc6 7. d3 e6 8. Nf3 d5 9. Nbd2 dxe4 10. dxe4 Nf6 11. Qe2 Bb5 12. c4 Bc6 13. O-O-O Qa5 14. Kb1 O-O-O 15. e5 Ng4 16. h3 Nh6 17. g4 Rxd2 18. Nxd2 Bxh1 19. Rxh1 Be7 20. Ne4 Rd8 21. Rd1 Rxd1+ 22. Qxd1 Qd8 23. Qxd8+ Kxd8 24. Kc2 Kc7 25. Kd3 b6 26. Bc1 f5 27. exf6 gxf6 28. f5 exf5 29. Bxh6 fxe4+ 30. Kxe4 b5 31. Kf5 Kb6 32. Bd2 a5 33. a4 b4 34. Ke6 Bd8 35. Bc1 Kc6 36. Bb2 Bc7 37. Bxf6 Bf4 38. h4 Kc7 39. h5 Kc6 40. g5 Kc7 41. g6 hxg6 42. hxg6 1-0


[Site "https://www.chess.com"]